[Event "TCEC Season 13 - Division 4"]
[Site "http://tcec.chessdom.com"]
[Date "2018.08.04"]
[Round "6.4"]
[White "Ivanhoe 999946h"]
[Black "LCZero 16.10161"]
[Result "1/2-1/2"]
[ECO "A28"]
[WhiteElo "3116"]
[BlackElo "3219"]
[PlyCount "120"]
[EventDate "2018.??.??"]
[TimeControl "1800+10"]

{WhiteEngineOptions: Protocol=uci; Hash=16384; Threads=43; RobboTripleBaseDirectory=C:/TripleBases/; OwnBook=false; Ponder=false;, BlackEngineOptions: Protocol=uci; Move time overhead in milliseconds=2000;} 1. c4 {book} e5 {book} 2. Nc3 {book} Nf6 {book} 3. Nf3 Nc6 4. e3 d5 5. cxd5 Nxd5 6. Bb5 Nxc3 7. bxc3 Bd7 8. Qc2 Bd6 9. O-O O-O 10. Rb1 Bg4 11. Be2 b6 12. Bb2 Qe7 13. Qe4 Bd7 14. Bb5 Qe8 15. Ng5 f5 16. Bc4+ Kh8 17. Qd5 Na5 18. Nf7+ Rxf7 19. Qxf7 Nxc4 20. Qxc4 Bb5 21. Qb3 Bxf1 22. Rxf1 e4 23. Qd5 Qg8 24. Qxf5 Qc4 25. g3 Rf8 26. Qg4 Qxa2 27. Ba1 Qc4 28. f3 Re8 29. Qd7 Re7 30. Qc8+ Qg8 31. Qa6 exf3 32. Rxf3 Re5 33. Rf1 h6 34. Qxa7 Ra5 35. Qb7 Qc4 36. Qc8+ Kh7 37. Qh3 Rb5 38. Qg2 Qd3 39. Qf2 Rg5 40. Qe1 Kg8 41. Rf2 Rb5 42. Rf1 h5 43. Qf2 Rg5 44. Qf7+ Kh7 45. c4 Qxd2 46. Qf3 Kh6 47. Qe4 Qe2 48. Qe8 Kh7 49. Qe4+ Kg8 50. Qa8+ Kh7 51. Qe4+ Rg6 52. Be5 Bxe5 53. Qxe5 Rd6 54. Qf5+ Kh8 55. Qf8+ Kh7 56. Qf5+ Kh6 57. Qf4+ Kg6 58. Qe4+ Kh6 59. Qf4+ Kg6 60. Qe4+ Kh6 {[%eval 0,234] [%emt 0:00:44] termination reason: TCEC draw rule} 1/2-1/2

[Event "TCEC Season 13 - Division 4"]
[Site "http://tcec.chessdom.com"]
[Date "2018.08.05"]
[Round "7.2"]
[White "Rodent III 0.258"]
[Black "Ivanhoe 999946h"]
[Result "1/2-1/2"]
[ECO "B50"]
[WhiteElo "3030"]
[BlackElo "3116"]
[PlyCount "104"]
[EventDate "2018.??.??"]
[TimeControl "1800+10"]

{WhiteEngineOptions: Protocol=uci; Protocol=UCI; Threads=16; Hash=4096; UseBook=false; OwnBook=false; Ponder=false;, BlackEngineOptions: Protocol=uci; Hash=16384; Threads=43; RobboTripleBaseDirectory=C:/TripleBases/; OwnBook=false; Ponder=false;} 1. e4 {book} c5 {book} 2. Nf3 {book} d6 {book} 3. Nc3 Nc6 4. Bb5 e5 5. d3 Be7 6. O-O h6 7. a4 Nf6 8. Bc4 O-O 9. Bd2 Be6 10. Nd5 Qd7 11. h3 Bd8 12. a5 Bxd5 13. Bxd5 Nxd5 14. exd5 Nb4 15. Bxb4 cxb4 16. c3 bxc3 17. bxc3 Rc8 18. c4 Rc5 19. Qd2 Re8 20. Rfe1 e4 21. Rxe4 Rxe4 22. dxe4 Rxc4 23. Qe3 Rc5 24. a6 Bb6 25. axb7 Qxb7 26. Qe2 Qc7 27. Ra2 Rc1+ 28. Kh2 a5 29. Qb5 Kh7 30. Qb2 Rc3 31. Qb1 g6 32. h4 Rc4 33. Rb2 Rc1 34. Qd3 Rh1+ 35. Kxh1 Qc1+ 36. Kh2 Qxb2 37. h5 Qg7 38. hxg6+ fxg6 39. e5 dxe5 40. d6 Bxf2 41. Qe4 Bc5 42. Qd5 Be3 43. g3 a4 44. d7 Bb6 45. d8=R Bxd8 46. Qxd8 e4 47. Nd2 e3 48. Ne4 Qb2+ 49. Kh3 Qb7 50. Nf6+ Kg7 51. Ne8+ Kh7 52. Nf6+ Kg7 {[%eval 0,125] [%emt 0:00:00] termination reason: TCEC draw rule} 1/2-1/2

[Event "TCEC Season 13 - Division 4"]
[Site "http://tcec.chessdom.com"]
[Date "2018.08.05"]
[Round "7.3"]
[White "Senpai 2.0"]
[Black "DeusX 1.0"]
[Result "1/2-1/2"]
[ECO "A15"]
[WhiteElo "3062"]
[BlackElo "3200"]
[PlyCount "295"]
[EventDate "2018.??.??"]
[TimeControl "1800+10"]

{WhiteEngineOptions: Protocol=uci; Hash=16384; Threads=16; OwnBook=false; Ponder=false;, BlackEngineOptions: Protocol=uci;} 1. Nf3 {book} Nf6 {book} 2. c4 {book} c5 {book} 3. e3 g6 4. d4 cxd4 5. exd4 d5 6. cxd5 Nxd5 7. Qb3 Bg7 8. Bc4 e6 9. Bg5 Qb6 10. Nc3 h6 11. Bd2 Ne7 12. Qxb6 axb6 13. O-O O-O 14. Rfd1 Bd7 15. Be3 Rc8 16. Be2 Bc6 17. a3 Rd8 18. Rac1 Nd5 19. h3 Nxc3 20. Rxc3 Nd7 21. Rdc1 Nf6 22. Rb3 Nd5 23. Bc4 g5 24. Bxd5 Rxd5 25. Rxb6 f5 26. Ne5 Bxe5 27. dxe5 Rxe5 28. Bc5 Kf7 29. b4 Re2 30. b5 Bd5 31. Rd6 Rc8 32. Rd7+ Kg6 33. b6 h5 34. Rc7 Rg8 35. Ra1 f4 36. Kf1 Bc4 37. Kg1 Bd5 38. Kf1 Rd2 39. Re1 Ra8 40. Be7 Ra6 41. Re5 Rxb6 42. Rxg5+ Kh6 43. Rc1 Rc6 44. Rxc6 Bxc6 45. Re5 Kg6 46. Rxe6+ Kf7 47. Re1 f3 48. gxf3 Bxf3 49. Kg1 Rd1 50. Rxd1 Bxd1 51. Bd8 Kg6 52. Kg2 Kf5 53. Kg3 Ke4 54. Bb6 Kf5 55. f3 Ba4 56. Bc7 Bc6 57. h4 Ba4 58. Kf2 Bb3 59. Ke3 Bc4 60. a4 Bb3 61. a5 Bc2 62. Bb6 Ke5 63. Bd8 Bb1 64. Bc7+ Kf5 65. Bb6 Ke5 66. Bd4+ Kf5 67. Bc5 Bc2 68. Bd6 Ba4 69. Bh2 Ke6 70. Bc7 Kd7 71. Be5 Ke6 72. Kf4 Bc6 73. Bc7 Kd7 74. Bb8 Ke6 75. Ba7 Kf7 76. Bc5 Bd5 77. Bb6 Bc6 78. Ke3 Ke6 79. Bd8 Kd5 80. Bf6 Ba4 81. Kf4 Bd1 82. Bg7 Be2 83. Bf8 Bd1 84. Bb4 Ke6 85. Bc5 Kd5 86. Bb6 Ke6 87. Bd4 Kd5 88. Ba7 Ke6 89. Bg1 Kd5 90. Bf2 Ke6 91. Be3 Kd5 92. Bd2 Be2 93. Bc3 Bd1 94. Ba1 Ke6 95. Bh8 Kd5 96. Bc3 Ke6 97. Bd2 Kd5 98. Be3 Be2 99. Bb6 Bd1 100. Ke3 Ke5 101. Bc7+ Kd5 102. Bb8 Ke6 103. Ke4 Bc2+ 104. Kf4 Bd1 105. Bc7 Kd7 106. Be5 Ke6 107. Bb8 Kf6 108. Bc7 Bc2 109. Bd8+ Kf7 110. Kg5 Ke8 111. a6 bxa6 112. Bb6 Bd1 113. f4 Kf7 114. Bd8 Be2 115. f5 Bd1 116. Bb6 Be2 117. Ba5 Bd1 118. Bb4 Be2 119. Bd2 Bd1 120. Be1 Be2 121. Bb4 Bd1 122. Kf4 Be2 123. Bc3 Bd1 124. Ke4 Bc2+ 125. Ke5 Bd1 126. Kf4 Bg4 127. Ba5 Kf6 128. Bd8+ Kf7 129. Bc7 Kf6 130. Be5+ Kf7 131. Kg5 a5 132. Bd6 a4 133. Kf4 Kf6 134. Be5+ Kf7 135. Bb2 Bd1 136. Ke4 Bg4 137. Ke5 Bh3 138. Ba3 Bg4 139. Kf4 Kf6 140. Bb2+ Kf7 141. Kg5 Bd1 142. Ba3 Be2 143. Kf4 Kf6 144. Bb2+ Kf7 145. Ke5 Bd1 146. Ba3 Be2 147. Bc5 Bd1 148. Bb4 {[%eval 0,23] [%emt 0:00:15] termination reason: TCEC draw rule} 1/2-1/2

[Event "TCEC Season 13 - Division 4"]
[Site "http://tcec.chessdom.com"]
[Date "2018.08.07"]
[Round "16.4"]
[White "Chess22k 1.10"]
[Black "DeusX 1.0"]
[Result "0-1"]
[ECO "A15"]
[WhiteElo "3072"]
[BlackElo "3200"]
[PlyCount "121"]
[EventDate "2018.??.??"]
[TimeControl "1800+10"]

{WhiteEngineOptions: Protocol=uci; Hash=4096; Threads=16;, BlackEngineOptions: Protocol=uci;} 1. Nf3 {book} Nf6 {book} 2. c4 {book} c5 {book} 3. e3 g6 4. Be2 Bg7 5. Nc3 Nc6 6. d4 cxd4 7. exd4 d5 8. O-O O-O 9. Re1 Bg4 10. c5 e6 11. Be3 Ne4 12. h3 Bxf3 13. Bxf3 f5 14. Ne2 a5 15. Rc1 Qh4 16. g3 Qf6 17. Bg2 Qf7 18. Qc2 g5 19. Rcd1 h6 20. h4 gxh4 21. gxh4 Rae8 22. a3 Kh7 23. f3 Nf6 24. Kh2 Nh5 25. Bf2 Ne7 26. f4 Nf6 27. Bf3 Ne4 28. Rf1 Bf6 29. h5 Rg8 30. Nc3 Rg7 31. Rg1 Reg8 32. Rxg7+ Rxg7 33. Rg1 Rxg1 34. Bxg1 Qg7 35. Ne2 Nc6 36. Qd1 Bh4 37. Bxe4 dxe4 38. d5 Nd8 39. d6 Qg4 40. Qf1 Qxh5 41. Kg2 Nc6 42. Be3 Qg4+ 43. Kh2 a4 44. Qg2 Qxg2+ 45. Kxg2 Bf6 46. d7 Kg7 47. Bd4 Kf7 48. Bxf6 Kxf6 49. Nc3 Ke7 50. Nxa4 Kxd7 51. Nb6+ Kc7 52. Nc4 Nd4 53. Ne5 Nb3 54. c6 b5 55. Nf7 h5 56. Ne5 Na5 57. Kf2 Nc4 58. Nf7 Kxc6 59. Ng5 Kd5 60. Ke2 Nxb2 61. Nh3 {[%eval -1393,24] [%emt 0:00:13] termination reason: TCEC win rule} 0-1

[Event "TCEC Season 13 - Division 4"]
[Site "http://tcec.chessdom.com"]
[Date "2018.08.08"]
[Round "25.2"]
[White "Rodent III 0.258"]
[Black "Tucano 7.05"]
[Result "1-0"]
[ECO "B15"]
[WhiteElo "3030"]
[BlackElo "2919"]
[Annotator "RC"]
[PlyCount "238"]
[EventDate "2018.??.??"]
[TimeControl "1800+10"]

{WhiteEngineOptions: Protocol=uci; Protocol=UCI; Threads=16; Hash=4096; UseBook=false; OwnBook=false; Ponder=false;, BlackEngineOptions: Protocol=xboard; Protocol=xboard; Threads=43; Hash=1024; OwnBook=false; Ponder=false;} 1. e4 {book} c6 {book} 2. d4 {book} d5 {book} 3. Nc3 dxe4 4. Nxe4 Nf6 5. Nxf6+ exf6 6. Nf3 Na6 7. c3 Bd6 8. Bd3 O-O 9. Qc2 Re8+ 10. Be3 g6 11. h4 Nc7 12. h5 Re7 13. O-O-O Nd5 14. Kb1 Bg4 15. hxg6 fxg6 16. Rh4 Qd7 17. Bc1 Nf4 18. Bxf4 Bxf4 19. Qa4 Bg5 20. Rhh1 Bxf3 21. gxf3 Qd6 22. Bc4+ Kg7 23. d5 f5 24. dxc6 Qxc6 25. Qxc6 bxc6 26. Rd4 Rc8 27. Kc2 Bf6 28. Rdd1 h5 29. Rdg1 Rh8 30. Bd3 Kh6 31. Rg2 Rhh7 32. Rhg1 Rhg7 33. f4 h4 34. a4 c5 35. b3 Re8 36. Rg3 Kh5 37. R3g2 Kh6 38. Rg3 Kh5 39. R3g2 Ree7 40. a5 Rd7 41. a6 Kh6 42. Rg3 Rd8 43. R3g2 Rd6 44. Bb5 Rb6 45. Bd3 Re6 46. Rd1 Rc7 47. Rdg1 Bd8 48. Rd1 Be7 49. Bb5 Kh5 50. Rdg1 Bf8 51. Bc4 Rd6 52. Re1 Be7 53. Bb5 Rb6 54. Bc4 Rbc6 55. Re3 Rd6 56. Bb5 Rb6 57. Bc4 Kh6 58. Rg1 Rd6 59. Bb5 Rb6 60. Bc4 Bf6 61. Rd1 Rb8 62. Rd6 Kg7 63. Ree6 Rf8 64. Bf1 Rff7 65. Re8 Be7 66. Re6 Bf8 67. Re3 Rce7 68. Rb8 Rd7 69. Bb5 Bd6 70. Ra8 Rc7 71. Rh3 Be7 72. Rb8 Bf6 73. Rd3 Rfe7 74. Rd6 h3 75. Rdd8 Re4 76. Rh8 Rxf4 77. Rbg8+ Kf7 78. Be8+ Ke6 79. Rxh3 Rxf2+ 80. Kd3 c4+ 81. bxc4 Rf4 82. Bb5 Rg4 83. Re3+ Kd6 84. Kc2 Rg5 85. Rf8 Be7 86. Rf7 Rg4 87. Rg7 Rg2+ 88. Kb3 Rg4 89. Be8 Re4 90. Rd3+ Ke6 91. Rd7 Rxd7 92. Rxg6+ Ke5 93. Bxd7 Kf4 94. Bc6 Re3 95. Bd5 Bc5 96. Kc2 Re2+ 97. Kd3 Re3+ 98. Kd2 Rg3 99. Rc6 Be3+ 100. Kc2 Ke5 101. Re6+ Kf4 102. Re8 Rg1 103. Rc8 Ra1 104. Kb3 Rxa6 105. c5 Rh6 106. Rc7 Rh3 107. Ka4 a6 108. Bb7 Kg5 109. c4 Bf4 110. Rd7 Kf6 111. c6 Ke6 112. c7 Bxc7 113. Rxc7 Rh4 114. Ka5 f4 115. c5 Rh2 116. c6 f3 117. Rg7 Ra2+ 118. Kb6 Rb2+ 119. Ka7 Rc2 {[%eval 1093,23] [%emt 0:00:06] termination reason: TCEC win rule} 1-0

[Event "TCEC Season 13 - Division 4"]
[Site "http://tcec.chessdom.com"]
[Date "2018.08.09"]
[Round "26.2"]
[White "DeusX 1.0"]
[Black "LCZero 16.10161"]
[Result "1/2-1/2"]
[ECO "B67"]
[WhiteElo "3200"]
[BlackElo "3219"]
[PlyCount "157"]
[EventDate "2018.??.??"]
[TimeControl "1800+10"]

{WhiteEngineOptions: Protocol=uci;, BlackEngineOptions: Protocol=uci; Move time overhead in milliseconds=2000;} 1. e4 {book} c5 {book} 2. Nf3 {book} Nc6 {book} 3. d4 cxd4 4. Nxd4 Nf6 5. Nc3 d6 6. Bg5 e6 7. Qd2 a6 8. O-O-O Bd7 9. f4 b5 10. Bxf6 gxf6 11. Nxc6 Bxc6 12. Qe1 Be7 13. Bd3 b4 14. Ne2 Qb6 15. f5 e5 16. Ng3 h5 17. h4 a5 18. Qe2 a4 19. Kb1 Qc5 20. Bc4 a3 21. b3 O-O-O 22. c3 bxc3 23. Rd3 d5 24. exd5 Bb7 25. Rxc3 Kb8 26. Rc2 Bxd5 27. Rhc1 Bxc4 28. Rxc4 Qd6 29. R4c3 Rd7 30. Qb5+ Rb7 31. Qe2 Rg8 32. Nxh5 Rd7 33. Qb5+ Rb7 34. Qe2 Rd7 35. Qc4 Qd4 36. Qc6 Qd6 37. Qa4 Qd4 38. Qb5+ Rb7 39. Qe2 Qxh4 40. g4 Rd8 41. R3c2 Rg8 42. Qa6 Rd8 43. Qe2 Rg8 44. Qf3 Qg5 45. Qe4 Rd8 46. Qe2 Rg8 47. Rc6 Qh4 48. R6c4 Qh3 49. Rc6 Qh4 50. R6c4 Qh3 51. R4c3 Qh4 52. Qc2 Rd8 53. Qe2 Qg5 54. R3c2 Qh4 55. Qf3 Qg5 56. Qe4 Rd4 57. Qc6 Ka7 58. Ka1 Qh6 59. Ng3 Qe3 60. Ne2 Rd8 61. Kb1 Qd3 62. Nc3 Qa6 63. Ne4 Rb4 64. Qc7+ Rb7 65. Qc6 Qxc6 66. Rxc6 Rg8 67. Rg1 Rh8 68. Rd1 Rh2 69. Rd2 Rh4 70. Nd6 Bxd6 71. Rdxd6 Kb8 72. Rd8+ Ka7 73. Rc4 Re7 74. Rd5 e4 75. Rb4 Ka6 76. Rd6+ Ka7 77. Rd5 Ka6 78. Rd6+ Ka7 79. Rd5 {[%eval 0,3] [%emt 0:00:08] termination reason: 3-Fold repetition} 1/2-1/2